 Dungeon Sprint DCSS version 0.30-a0-335-ge5acde7520 (webtiles) character file.

Game seed: 2481534288084182909

1411 mhtbhm the Protected (level 8, -8/83 HPs)
             Began as an Armataur Fighter on Oct 30, 2022.
             Was an Initiate of Gozag.
             Mangled by a death knight
             ... wielding a +1 glaive
              (14 damage)
             ... in the Dungeon (Sprint IX: "|||||||||||||||||||||||||||||").
             The game lasted 00:01:18 (783 turns).

mhtbhm the Protected (Armataur Fighter)              Turns: 783, Time: 00:01:18

Health: -8/83      AC: 15    Str: 23    XL:     8   Next: 43%
Magic:  8/8        EV:  5    Int:  9    God:    Gozag
Gold:   855        SH:  7    Dex: 16    Spells: 7/7 levels left

rFire   . . .      SeeInvis .    a - +2 morningstar (vorpal)
rCold   . . .      Faith    .    c - +0 buckler
rNeg    . . .      Spirit   .    b - +0 plate armour
rPois   .          Reflect  .    (no helmet)
rElec   .          Harm     .    (no cloak)
rCorr   .          Roll     +    m - +0 pair of gloves
Will    .....      NoTele   +    (no barding)
Stlth   ..........               (no amulet)
HPRegen 0.33/turn                n - +3 ring of dexterity
MPRegen 0.11/turn                o - +3 ring of dexterity

@: mighty, gold aura
A: large, rugged brown scales 3, deformed body, armoured tail, roll, long
tongue, awkward tongue
a: Renounce Religion, Potion Petition, Call Merchant, Bribe Branch


You were in the Dungeon.
You worshipped Gozag.
Gozag was pleased with you.
You visited 1 branch You collected 855 gold pieces.

Inventory:

Hand Weapons
 a - a +2 vorpal morningstar (weapon)
Armour
 b - a +0 plate armour (worn)
 c - a +0 buckler (worn)
 m - a +0 pair of gloves (worn)
Jewellery
 n - a +3 ring of dexterity (left hand)
 o - a +3 ring of dexterity (right hand)
Wands
 l - a wand of acid (6)
Scrolls
 j - 2 scrolls of blinking
 k - 2 scrolls of amnesia
Potions
 e - 5 potions of curing
 f - 2 potions of heal wounds
 h - 4 potions of magic
 i - a potion of invisibility


   Skills:
 + Level 9.3 Fighting
 + Level 7.9 Maces & Flails
 + Level 12.6 Armour
 + Level 1.4 Dodging
 + Level 10.1 Shields
 + Level 2.7 Evocations


You had 7 spell levels left.
You didn't know any spells.
Your spell library was empty.

Dungeon Overview and Level Annotations

Branches:
Dungeon (1/1)

Altars:
Cheibriados
Dithmenos
Elyvilon
Fedhas
Gozag
Hepliaklqana
Kikubaaqudgha
Makhleb
Nemelex Xobeh
Okawaru
Qazlal
Ru
Sif Muna
Trog
Uskayaw
Vehumet
Wu Jian
Xom
Yredelemnul
Zin
The Shining One
Jiyva
Lugonu


Innate Abilities, Weirdness & Mutations

You are completely covered in rugged brown scales. (AC +3, +7% HP)
Armour fits poorly on your strangely shaped body.
You have a long armoured tail.
You roll when moving toward enemies. (Rampage)
Your long tongue fully drains potion bottles. (2x potion effects)
Your tongue gives you trouble enunciating. (1.5x scroll delay)


Message History

The death knight shouts!
The centaur shouts!
The death knight offers itself to Yredelemnul, and fills with unholy energy.
You block the centaur's attack.
The centaur kicks you but does no damage.
You bludgeon the centaur!!
You kill the centaur!
Unknown command.
The death knight's dark mirror aura disappears.
There is an open door to the Dungeon here.
The death knight calls down the wrath of Yredelemnul upon you.
Your body is wracked with pain!
You see here a +0 shortbow.
You roll towards the death knight!
The death knight is distracted by your dazzling golden aura.
You slurp down every last drop of the 3 potions of heal wounds!
You feel much better.
The death knight is no longer distracted by gold.
The death knight hits you with a +1 glaive.
You slurp down every last drop of the potion of might!
You feel very mighty all of a sudden.
The death knight hits you with a +1 glaive!
You puncture the death knight!
The death knight is lightly wounded.
The death knight hits you with a +1 glaive!
You completely miss the death knight.
The death knight is lightly wounded.
You block the death knight's attack.
You barely miss the death knight. You tail-slap the death knight!
The death knight is moderately wounded.
The death knight hits you with a +1 glaive!!
You puncture the death knight!
Your tail-slap misses the death knight.
The death knight is moderately wounded.
The death knight hits you with a +1 glaive!!
* * * LOW HITPOINT WARNING * * *
You hit the death knight.
The death knight is heavily wounded.
The death knight offers itself to Yredelemnul, and fills with unholy energy.
The death knight hits you with a +1 glaive!
You die...
Your body crumbles into a pile of gold.

▓$▓
$
▓.▓
$
▓.▓
$ $
▓c▓
$
▓O▓
$
▓u▓
$
▓C▓
$
▓p▓
▓@▓
$
▓)▓
▓.▓
$
▓[▓
▓)▓
$
▓.▓
$
▓)▓
$
▓)▓
$
▓.▓


You could see a death knight (reflects damage), a brown ugly thing, a centaur
warrior, a two-headed ogre and a cyclops.

Vanquished Creatures
  A two-headed ogre (D)
  A troll (D)
  A yak (D)
  An acid dragon (D)
  2 centaurs (D)
  A wight (D)
  2 necrophages (D)
  An iguana (D)
  An adder (D)
  An endoplasm (D)
  A giant cockroach (D)
  A kobold (D)
  A quokka (D)
  A goblin (D)
  A rat (D)
17 creatures vanquished.

Notes
Turn   | Place    | Note
-------+----------+-------------------------------------------
     0 | D        | mhtbhm the Armataur Fighter began the quest for the Orb.
     0 | D        | Reached XP level 1. HP: 19/19 MP: 1/1
     9 | D        | Reached skill level 4 in Armour
   122 | D        | Noticed a necrophage
   122 | D        | Noticed a necrophage
   122 | D        | Noticed an iguana
   126 | D        | Killed an iguana
   127 | D        | Reached skill level 5 in Armour
   127 | D        | Reached XP level 2. HP: 28/28 MP: 2/2
   127 | D        | Reached XP level 3. HP: 35/35 MP: 3/3
   130 | D        | Killed a necrophage
   131 | D        | Reached skill level 5 in Fighting
   131 | D        | Reached skill level 6 in Armour
   131 | D        | Reached skill level 5 in Shields
   131 | D        | Reached XP level 4. HP: 44/44 MP: 4/4
   137 | D        | Killed a necrophage
   138 | D        | Reached skill level 7 in Armour
   138 | D        | Reached XP level 5. HP: 53/53 MP: 5/5
   295 | D        | Found a snail-covered altar of Cheibriados.
   295 | D        | Found a shadowy altar of Dithmenos.
   295 | D        | Found a white marble altar of Elyvilon.
   295 | D        | Found a blossoming altar of Fedhas.
   295 | D        | Found an opulent altar of Gozag.
   296 | D        | Found a hazy altar of Hepliaklqana.
   297 | D        | Found a viscous altar of Jiyva.
   298 | D        | Found an ancient bone altar of Kikubaaqudgha.
   299 | D        | Found a corrupted altar of Lugonu.
   300 | D        | Found a burning altar of Makhleb.
   301 | D        | Found a sparkling altar of Nemelex Xobeh.
   302 | D        | Found an iron altar of Okawaru.
   303 | D        | Found a stormy altar of Qazlal.
   304 | D        | Found a sacrificial altar of Ru.
   305 | D        | Found a shimmering blue altar of Sif Muna.
   306 | D        | Found a bloodstained altar of Trog.
   307 | D        | Found a hide-covered altar of Uskayaw.
   308 | D        | Found a radiant altar of Vehumet.
   309 | D        | Found an ornate altar of the Wu Jian Council.
   310 | D        | Found a shimmering altar of Xom.
   311 | D        | Found a basalt altar of Yredelemnul.
   312 | D        | Found a glowing silver altar of Zin.
   313 | D        | Found a glowing golden altar of the Shining One.
   331 | D        | Became a worshipper of Gozag Ym Sagoz the Greedy
   389 | D        | Noticed a yak
   389 | D        | Noticed an acid dragon
   389 | D        | Noticed a troll
   389 | D        | Noticed a centaur
   389 | D        | Noticed a two-headed ogre
   396 | D        | Killed a centaur
   397 | D        | Reached skill level 8 in Armour
   405 | D        | Killed a two-headed ogre
   406 | D        | Reached skill level 11 in Armour
   406 | D        | Reached skill level 1 in Dodging
   406 | D        | Reached XP level 6. HP: 26/66 MP: 6/6
   406 | D        | Reached XP level 7. HP: 29/73 MP: 7/7
   406 | D        | Killed a troll
   407 | D        | Reached XP level 8. HP: 33/82 MP: 8/8
   580 | D        | Reached skill level 12 in Armour
   587 | D        | Reached skill level 10 in Shields
   765 | D        | Noticed a centaur warrior
   765 | D        | Noticed a two-headed ogre
   765 | D        | Noticed a brown ugly thing
   765 | D        | Noticed a cyclops
   765 | D        | Noticed a death knight
   783 | D        | Mangled by a death knight

Illustrated notes

Levels and vault maps discovered:
D:        linesprint [early_d, line_temple, items_1, d_10, items_2, lair_1,
          lair_end, items_3, orc_1, orc_end, items_4, d_15, swamp_1, shoals_1,
          snake_1, spider_1, d_20, vaults_1, items_5, swamp_end, shoals_end,
          snake_end, spider_end, vaults_end, d_27, items_6, zot_1, zot_end,
          crypt_end, forest_end, elf_end, slime_end, tomb_end, abyss_end,
          pan_hell_end]

Skill      XL: |  1  2  3  4  5  6  7  8 |
---------------+-------------------------+-----
Fighting       | 4 5 8 9 |  9.3
Armour         | 5 6 7 11 12 | 12.6
Maces & Flails | 2 3 6 7 |  7.9
Shields        | 4 5 6 9 10 | 10.1
Dodging        | 1 |  1.4
Evocations     | 2 |  2.7

Action                   |  1- 3 |  4- 6 |  7- 9 || total
-------------------------+-------+-------+-------++-------
Melee: Flail             |    19 |    13 |       ||    32
       Tailslap          |     4 |     1 |     4 ||     9
       Morningstar       |       |     3 |    27 ||    30
Evoke: Wand              |       |     4 |       ||     4
  Use: Potion            |     1 |     1 |     2 ||     4
Armor: Scale mail        |     7 |     2 |       ||     9
       Plate armour      |       |     1 |    11 ||    12
Dodge: Dodged            |     4 |     3 |     2 ||     9
Block: Buckler           |     3 |     2 |     6 ||    11

Table legend: (Time is in decaauts)
 A = Elapsed time spent in this place.
 B = Non-inter-level travel time spent in this place.
 C = Inter-level travel time spent in this place.
 D = Time resting spent in this place.
 E = Time spent auto-exploring this place.
 F = Levels seen in this place.
 G = Mean time per level.
                   A        B        C        D        E       F      G
               +--------+--------+--------+--------+--------+-----+--------+
         Total |    782 |    782 |      0 |    557 |      3 |   1 |  782.0 |
       Dungeon |    782 |    782 |      0 |    557 |      3 |   1 |  782.0 |
               +--------+--------+--------+--------+--------+-----+--------+

Top non-repeatable levels by time:
       D: 782 daAuts
